Unix NetHack Version 5.0.0-0 post-release - last build May 23 2026 06:08:33 (1c0ff79ee797540d5714e4e18072db0edd9e58ae,branch:main).

Game began 2026-05-27 15:44:50, ended 2026-05-27 15:50:40.

CyberFan, lawful female dwarven Archeologist

             ------------    ------
             |..........|    |....|
             |....<.....|    |....|#rrr
             |..........%####".....##@r
             |..........|   #------#
             |.....{....|   ########
             --------+---     #    #

CyberFan the Field Worker  St:11 Dx:14 Co:12 In:16 Wi:15 Ch:8  Lawful
Dlvl:4  $:53 HP:0(28) Pw:13(13) AC:9  Xp:3/61 T:1252 

Latest messages:
 You hear the footsteps of a guard on patrol.
 $ - 16 gold pieces (45 in total).
 The large kobold hits!
 You kill the large kobold!
 You see here a dark brown spellbook.
 A - a dark brown spellbook.
 $ - 5 gold pieces (50 in total).
 Where do you want to travel to?
 (For instructions type a '?')
 You find a hidden door.
 Where do you want to travel to?
 (For instructions type a '?')
 You kill the giant rat!
 You miss the giant rat.
 You kill the giant rat!
 You see here a giant rat corpse.
 There is a giant rat corpse here; eat it? [ynq] (n)
 Blecch!  Rotten food!
 Where do you want to travel to?
 (For instructions type a '?')
 You descend the stairs.
 The cave spider spins a web.
 You miss the cave spider.
 The cave spider bites!
 You hit the cave spider.
 The cave spider bites!
 You kill the cave spider!
 B - an octagonal amulet.
 There is a doorway here.
 You see here a cave spider corpse.
 $ - 3 gold pieces (53 in total).
 You learn more about your items by comparing them.
 d - an uncursed food ration (5 in total).
 The wererat hits!
 You hit the wererat.
 The wererat hits!
 You hit the wererat.
 The wererat changes into a rat.
 The wererat summons help!
 A rabid rat suddenly appears next to you!
 A giant rat suddenly appears next to you!
 A sewer rat suddenly appears next to you!
 A sewer rat suddenly appears next to you!
 The wererat bites!
 You kill the sewer rat!
 The sewer rat bites!
 The giant rat bites!
 The rabid rat bites!
 The wererat bites!
 You die...

Inventory:
 Coins    ('$')
  $ - 53 gold pieces
 Amulets  ('"')
  B - a cursed amulet of change
 Weapons  (')')
  a - an uncursed +2 bullwhip
 Armor    ('[')
  c - an uncursed +0 fedora (being worn)
  b - an uncursed +0 leather jacket (being worn)
 Comestibles  ('%')
  d - 5 uncursed food rations
 Scrolls  ('?')
  t - a cursed scroll of food detection
 Spellbooks  ('+')
  x - an uncursed spellbook of healing
  A - an uncursed spellbook of sleep
 Potions  ('!')
  j - a blessed potion of paralysis
 Tools    ('(')
  h - an empty uncursed sack
  k - an uncursed oil lamp
  e - an uncursed +0 pick-axe (weapon in right hand)
  i - an uncursed tin opener
  f - an uncursed tinning kit (0:81)
 Gems/Stones  ('*')
  y - an uncursed chrysoberyl stone
  z - an uncursed topaz stone
  g - an uncursed touchstone

CyberFan the Archeologist's attributes:

Background:
 You were a Field Worker, a level 3 female dwarven Archeologist.
 You were lawful, nominally on a mission for Quetzalcoatl
 who was opposed by Camaxtli (neutral) and Huhetotl (chaotic).
 You were right-handed.
 You were in the Dungeons of Doom, on level 4.
 You entered the dungeon 1252 turns ago.
 You had 61 experience points, 19 more were needed to attain level 4.

Basics:
 You had 0 out of 28 hit points.
 You had all 13 energy points (spell power).
 Your armor class was 9.
 Your wallet contained 53 zorkmids.
 Autopickup was on for '$%?!"=/*' plus thrown, with exceptions.

Final Characteristics:
 Your strength was 11 (limit:18/100).
 Your dexterity was 14 (limit:20).
 Your constitution was 12 (limit:20).
 Your intelligence was 16 (limit:16).
 Your wisdom was 15 (limit:16).
 Your charisma was 8 (limit:16).

Final Status:
 You weren't hungry.
 You were unencumbered.
 You were wielding a pick-axe.
 You had basic skill with pick-axe.

Final Attributes:
 You were devoutly aligned.
 You had automatic searching.
 You had infravision.
 You were lucky.
 You are dead.

Miscellaneous:
 You disabled loading and storing of bones levels.
 Total elapsed playing time was 5 minutes and 50 seconds.

Major events:
 Turn
    1: CyberFan the lawful female dwarven Archeologist entered the dungeon
  346: entered the Gnomish Mines
 1043: attained the rank of Field Worker (level 3)
 1252: killed by a wererat

You didn't know any spells.

Skills:
 Fighting Skills
   bare handed combat [Unskilled]
   two weapon combat  [Unskilled]
   riding             [Unskilled]
 Weapon Skills
   dagger             [Unskilled]
   knife              [Unskilled]
   pick-axe           [Basic]
   short sword        [Unskilled]
   saber              [Unskilled]
   club               [Unskilled]
   quarterstaff       [Unskilled]
   sling              [Unskilled]
   dart               [Unskilled]
   boomerang          [Unskilled]
   whip               [Basic]
   unicorn horn       [Unskilled]
 Spellcasting Skills
   attack spells      [Unskilled]
   healing spells     [Unskilled]
   divination spells  [Unskilled]
   matter spells      [Unskilled]

Voluntary challenges:
 Character rerolling was not enabled.
 You were an atheist.
 You never genocided any monsters.
 You never polymorphed an object.
 You never changed form.
 You used no wishes.
Achievements:
 You entered the Gnomish Mines.
 You entered a shop.
 You attained the rank of Field Worker.

 The Dungeons of Doom: levels 1 to 4
    Level 1:
    Level 2:
       A general store, a fountain, a grave.
       Stairs down to The Gnomish Mines.
    Level 3:
       A fountain.
    Level 4: <- You were here.
       A sink.
       Final resting place for
          you, killed by a wererat.
 The Gnomish Mines:
    Level 3:


Vanquished creatures:
  a kitten
 an acid blob
  a coyote
  a large kobold
  2 giant rats
  a cave spider
  a gnome zombie
  2 geckos
  3 foxes
  2 goblins
  5 sewer rats
  3 grid bugs
  2 lichens
  a kobold zombie
  2 newts
28 creatures vanquished.

No species were genocided or became extinct.

Game over:
                       ----------
                      /          \
                     /    REST    \
                    /      IN      \
                   /     PEACE      \
                  /                  \
                  |     CyberFan     |
                  |      53 Au       |
                  |   killed by a    |
                  |     wererat      |
                  |                  |
                  |                  |
                  |       2026       |
                 *|     *  *  *      | *
        _________)/\\_//(\/(/\)/\//\/|_)_______

Goodbye CyberFan the Archeologist...

You died in The Dungeons of Doom on dungeon level 4 with 442 points,
and 53 pieces of gold, after 1252 moves.
You were level 3 with a maximum of 28 hit points when you died.

